Map: Disco Bloodbath LE

Players

Saint

  • Race: Terran Terran
  • League: Master
  • Spawn Location: 9:00

Mez - Winner!

  • Race: Terran Terran
  • League: Master
  • Spawn Location: 3:00

VOD

Have the link to the VOD?

Description

Time

  • Played on: Aug. 31, 2019, 7:01 a.m.
  • Length: 4:44
Show
View Real Time Build Order
Export as new Build Order

Saint Terran 

Build Orders:  

Get SALT Encoding   

  12  0:03  SCV  
  13  0:15  SCV  
  14  0:23  Supply Depot  
  14  0:27  SCV  
  15  0:31  Refinery  
  15  0:45  SCV  
  15  0:46  Barracks  
  16  0:57  SCV  
  16  0:58  Refinery  
  17  1:09  SCV  
  18  1:21  SCV  
  19  1:35  Factory  
  19  1:37  Orbital Command  
  19  1:38  Reaper  
  20  1:46  Supply Depot  
  20  2:03  SCV  
  21  2:11  Reaper  
  22  2:27  SCV  
  22  2:28  Hellion  
  25  2:30  Command Center  
  25  2:39  SCV  
  25  2:43  Reaper  
  27  2:46  Supply Depot  
  27  2:50  Hellion  
  29  2:58  SCV, Starport  
  30  3:10  SCV  
  30  3:12  Factory Tech Lab  
  31  3:21  Barracks Tech Lab  
  31  3:22  SCV, Refinery  
  32  3:32  Siege Tank  
  35  3:38  SCV  
  36  3:45  Orbital Command  
  36  3:50  SCV  
  37  3:56  Raven  
  39  4:03  SCV  
  39  4:06  Siege Tank  
  43  4:11  SCV  
  44  4:19  Command Center  
  44  4:23  SCV x2  
Show
View Real Time Build Order
Export as new Build Order

Mez Terran - Winner!

Build Orders: Gas First Reaper Expand, Hellion Opening 

Get SALT Encoding   

  12  0:00  SCV  
  13  0:13  SCV  
  14  0:17  Supply Depot  
  14  0:25  SCV  
  14  0:27  Refinery  
  15  0:39  SCV  
  16  0:45  Barracks  
  16  0:52  SCV  
  17  1:04  SCV  
  18  1:23  SCV  
  19  1:33  Reaper  
  19  1:36  Orbital Command  
  20  1:47  Command Center  
  20  2:01  Factory  
  20  2:03  SCV  
  20  2:07  Barracks Reactor  
  21  2:14  Supply Depot  
  21  2:17  SCV  
  22  2:25  Refinery  
  22  2:29  SCV  
  23  2:48  Starport  
  23  2:52  Hellion  
  23  2:53  Hellion  
  23  2:55  SCV, Barracks Tech Lab  
  28  3:00  Orbital Command  
  28  3:14  Marauder  
  28  3:16  Hellion  
  28  3:17  Hellion  
  34  3:24  Medivac  
  34  3:26  Concussive Shells  
  36  3:38  Hellion  
  36  3:39  Marauder, Hellion  
  42  3:46  Supply Depot  
  42  3:48  SCV  
  43  3:54  SCV  
  44  4:00  SCV  
  45  4:06  SCV  
  46  4:15  SCV, Supply Depot  
  49  4:17  Factory Tech Lab  
  49  4:18  SCV  
  50  4:26  Marine x2  
  50  4:27  SCV  
  50  4:30  SCV  
Tags
 
Add a new tag
Caveats
  • Supply blocks, unpowered buildings, or Contaminate may cause inaccurate times.
  • Supply counts are checked every 10 seconds.